 Dungeon Crawl Stone Soup version 0.17.0-57-g0e89251 (webtiles) character file.

74 timbw the Sneak (level 4, -8/46 HPs)
             Began as an Octopode Berserker on Dec 9, 2015.
             Was a Follower of Trog.
             Mangled by a mummy (19 damage)
             ... in an ossuary.
             The game lasted 00:02:08 (349 turns).

timbw the Sneak (Octopode Berserker)                 Turns: 349, Time: 00:02:08

Health: -8/46      AC:  1    Str: 21    XL:     4   Next: 28%
Magic:  4/4        EV: 13    Int:  9    God:    Trog [*.....]
Gold:   42         SH:  0    Dex: 12    Spells: 0 memorised, 3 levels left

rFire  . . .     SeeInvis .     a - +0 short sword
rCold  . . .     Clarity  .     (no shield)
rNeg   . . .     SustAt   .     (helmet restricted)
rPois  .         Gourm    .     (no amulet)
rElec  .         Spirit   .     (no ring)
rCorr  .         Warding  .     (no ring)
rMut   .         Stasis   .     (no ring)
MR     .....                    (no ring)
Stlth  ..........               (no ring)
                                (no ring)
                                (no ring)
                                (no ring)

@: berserking (expiring), very quick, not resistant to hostile enchantments,
extremely unstealthy
A: almost no armour, amphibious, 8 rings, constrict 8, camouflage 1, gelatinous
body 1
a: Berserk, Burn Spellbooks, Renounce Religion


You were in an ossuary.
You worshipped Trog.
Trog was aware of your devotion.
You were not hungry.

You visited 1 branch of the dungeon, and saw 4 of its levels.
You also visited: Ossuary.

You collected 42 gold pieces.

Inventory:

Hand Weapons
 a - a +0 short sword (weapon)
Scrolls
 d - 2 scrolls of teleportation {unknown}
 e - a scroll of identify {unknown}
Potions
 c - a potion of degeneration {unknown}
 f - a potion of flight {unknown}
 g - a potion of curing {unknown}
Comestibles
 b - a bread ration
 h - a chunk of flesh


   Skills:
 - Level 3.0 Fighting
 + Level 3.5 Short Blades
 + Level 3.6 Dodging
 * Level 3.8 Stealth


You had 3 spell levels left.
You didn't know any spells.

Dungeon Overview and Level Annotations

Branches:
Dungeon (4/15)
 Temple: D:4-7

Altars:


Innate Abilities, Weirdness & Mutations

You cannot wear most types of armour.
You are amphibious.
You can wear up to eight rings at the same time.
You can use your tentacles to constrict eight enemies at once.
Your skin changes colour to match your surroundings (Stealth).
Your rubbery body absorbs attacks (AC +1).


Message History

You squeeze the orc zombie! You constrict the orc zombie.
You destroy the orc zombie! 2 mummies come into view.
A red film seems to cover your vision as you go berserk!
You feel yourself moving faster!
You feel mighty!
You feel somewhat more hungry.
You hit the hobgoblin zombie. You grab the hobgoblin zombie.
You constrict the hobgoblin zombie. You puncture the mummy!
Your grab misses the mummy.
The mummy is heavily damaged.
You constrict the hobgoblin zombie. The hobgoblin zombie hits you.
* * * LOW HITPOINT WARNING * * *
You puncture the mummy!
You destroy the mummy!
You constrict the hobgoblin zombie. You puncture the hobgoblin zombie!
You destroy the hobgoblin zombie!
You feel a strong urge to attack something.
The mummy hits you!!
You die...

##... ##.... ####
M.. #..... ##..##
....
#..Z..##....##....
#.................
#................
#..M...........#
#@.......#
##......# ##....##
#....# #....#
#....# #....#
#....# #....#


You could see a mummy and a hobgoblin zombie.

Vanquished Creatures
  4 mummies (Ossuary)
  A worm (D:4)
  A bat (D:1)
  A hobgoblin (D:3)
  5 jackals
  A giant newt (D:2)
  2 goblin zombies (D:4)
  4 hobgoblin zombies (Ossuary)
  A kobold (D:1)
  2 kobold zombies (Ossuary)
  An orc zombie (Ossuary)
  A quokka (D:4)
  A rat (D:1)
25 creatures vanquished.

Notes
Turn   | Place    | Note
--------------------------------------------------------------
     0 | D:1      | timbw the Octopode Berserker began the quest for the Orb.
     0 | D:1      | Reached XP level 1. HP: 16/16 MP: 1/1
    23 | D:1      | Reached skill level 1 in Stealth
   133 | D:1      | You fall through a shaft!
   158 | D:2      | Reached XP level 2. HP: 15/21 MP: 2/2
   266 | D:4      | Found a sand-covered staircase.
   286 | Ossuary  | Entered an ossuary
   310 | Ossuary  | Reached XP level 3. HP: 26/26 MP: 3/3
   333 | Ossuary  | Reached XP level 4. HP: 9/31 MP: 4/4
   349 | Ossuary  | Mangled by a mummy

Action                   |  1- 3 |  4- 6 || total
-------------------------+-------+-------++-------
Melee: Short sword       |    50 |     5 ||    55
Invok: Berserk           |       |     1 ||     1
 Stab: Sleeping          |     4 |       ||     4
